 Dungeon Crawl Stone Soup version 0.27.1-1-g398f81649c (webtiles) character file.

Game seed: 842880941976935028

86 101zpm the Covered (level 4, -7/29 HPs)
             Began as a Gargoyle Fighter on Sept 19, 2021.
             Killed by divine providence
             ... invoked by an orc priest
              (12 damage)
             ... on level 3 of the Dungeon.
             The game lasted 00:02:17 (1217 turns).

101zpm the Covered (Gargoyle Fighter)               Turns: 1217, Time: 00:02:18

Health: -7/29      AC: 10    Str: 21    XL:     4   Next: 50%
Magic:  4/4        EV:  7    Int:  8    God:
Gold:   51         SH:  9    Dex:  9    Spells: 3/3 levels left

rFire    . . .     SeeInvis .   p - +0 dagger (flame)
rCold    . . .     Faith    .   c - +0 kite shield
rNeg     + . .     Spirit   .   b - +0 scale mail
rPois    ∞         Reflect  .   (no helmet)
rElec    +         Harm     .   (no cloak)
rCorr    .         Rampage  .   (no gloves)
Will     .....                  (no boots)
Stlth    ..........             (no amulet)
HPRegen  0.09/turn              (no ring)
MPRegen  0.09/turn              (no ring)

@: no status effects
A: sickness immunity, AC +3, negative energy resistance 1, electricity
resistance, torment resistance 1, petrification resistance
a: no special abilities


You were on level 3 of the Dungeon.
You visited 1 branch of the dungeon, and saw 5 of its levels.

You collected 51 gold pieces.

Inventory:

Hand Weapons
 a - a +0 flail
 p - a +0 dagger of flaming (weapon)
Missiles
 n - 20 bolts
 o - a stone (quivered)
Armour
 b - a +0 scale mail (worn)
 c - a +0 kite shield (worn)
Scrolls
 e - a scroll of acquirement {unknown}
 f - a scroll of magic mapping {unknown}
 h - 2 scrolls of identify {unknown}
 k - a scroll of teleportation {unknown}
 m - a scroll of enchant armour {unknown}
Potions
 d - a potion of might
 g - a potion of resistance {unknown}
 i - a potion of cancellation {unknown}
 j - 2 potions of lignification {unknown}
 l - a potion of mutation {unknown}


   Skills:
 + Level 3.8 Fighting
 + Level 2.6 Maces & Flails
 + Level 0.1 Throwing
 + Level 4.1 Armour
 + Level 0.3 Dodging
 + Level 4.0 Shields


You had 3 spell levels left.
You didn't know any spells.
Your spell library was empty.

Dungeon Overview and Level Annotations

Branches:
Dungeon (5/15)
 Temple: D:4-7

Altars:
Xom


Innate Abilities, Weirdness & Mutations

You are immune to sickness and miasma.
Your stone body is resilient. (AC +3)
You are immune to poison.
You resist negative energy. (rN+)
You are resistant to electric shocks. (rElec)
You are resistant to unholy torment.
You are immune to petrification.


Message History

The orc priest mumbles some strange prayers to Beogh against you.
Beogh smites you!
You hit the orc priest but do no damage.
The orc priest hits you but does no damage.
You closely miss the orc priest.
The orc priest mumbles some strange prayers to Beogh against you.
Pain shoots through your body!
You hit the orc priest but do no damage.
The orc priest hits you with a +0 dagger.
You barely miss the orc priest.
The orc priest calls down the wrath of Beogh upon you.
Beogh smites you!
* * * LOW HITPOINT WARNING * * *
The orc priest hits you but does no damage.
You are too injured to fight recklessly!
You are too injured to fight recklessly!
You are too injured to fight recklessly!
You are too injured to fight recklessly!
You are too injured to fight recklessly!
You are too injured to fight recklessly!
You are too injured to fight recklessly!
You are too injured to fight recklessly!
You are too injured to fight recklessly!
You are too injured to fight recklessly!
You are too injured to fight recklessly!
You are too injured to fight recklessly!
You are too injured to fight recklessly!
You are too injured to fight recklessly!
You hit the orc priest. You burn the orc priest.
The orc priest is moderately wounded.
The orc priest hits you with a +0 dagger.
* * * LOW HITPOINT WARNING * * *
You closely miss the orc priest.
The orc priest is moderately wounded.
The orc priest hits you but does no damage.
You barely miss the orc priest.
The orc priest is moderately wounded.
The orc priest invokes the aid of Beogh against you.
Beogh smites you!
You die...

... .. ..
######.##
.........
........#####
.......o....#
......(@..#
..........#
..........#
..........#
..........#+#+###
.................
######...........
#......<.......
#........[.....


You could see an orc priest.

Vanquished Creatures
  5 adders (D:2)
  A worm (D:2)
  3 orcs (D:2)
  2 ball pythons (D:2)
  A bat (D:2)
  2 endoplasms (D:2)
  4 giant cockroaches
  6 hobgoblins
  A quokka (D:2)
  2 frilled lizards (D:2)
  4 goblins (D:2)
  2 kobolds
33 creatures vanquished.

Vanquished Creatures (others)
  A plant (D:2)
1 creature vanquished.

Grand Total: 34 creatures vanquished

Notes
Turn   | Place    | Note
-------+----------+-------------------------------------------
     0 | D:1      | 101zpm the Gargoyle Fighter began the quest for the Orb.
     0 | D:1      | Reached XP level 1. HP: 14/14 MP: 1/1
     4 | D:1      | You fall into a shaft and drop 1 floor!
    21 | D:2      | Reached XP level 2. HP: 19/19 MP: 2/2
   138 | D:2      | Found a faded altar of an unknown god.
   145 | D:2      | Reached XP level 3. HP: 20/23 MP: 3/3
   556 | D:5      | Entered Level 5 of the Dungeon
   690 | D:2      | Reached XP level 4. HP: 29/29 MP: 4/4
   735 | D:2      | Found a shimmering altar of Xom.
  1217 | D:3      | Killed from afar by an orc priest

Illustrated notes

Levels and vault maps discovered:
D:1:      wander_arrival_lonely_grave, layout_basic
D:2:      layout_rooms, hellmonk_ecumenical_altar_run_dry, basic_altar,
          serial_bayou_pond_d, minmay_vboxes
D:3:      cheibrodos_pilgrimage, layout_basic, minmay_lizard_king, uniq_terence,
          uniq_robin
D:4:      minmay_bubble_buster, layout_basic
D:5:      layout_rooms

Skill      XL: |  1  2  3 |
---------------+----------+-----
Armour         | 4 |  4.1
Shields        | 4 |  4.0
Fighting       | |  3.8
Maces & Flails | |  2.6
Throwing       | |  0.1
Dodging        | |  0.3

Action                   |  1- 3 |  4- 6 || total
-------------------------+-------+-------++-------
Melee: Flail             |   100 |     7 ||   107
       Dagger            |       |    49 ||    49
Throw: Stone             |       |     2 ||     2
Armor: Scale mail        |    63 |    36 ||    99
Dodge: Dodged            |    54 |    15 ||    69
Block: Kite shield       |    72 |    29 ||   101
